General information
- name: BNet
- type: Ladder team game (AT/RT)
- host: Battle.net
- saver: butter15
map: Typhoon
- players: 6
- length: 64:17
- speed: Fast
- version: 1.26 W3XP
- replay type:

» download(391 KB)
Players
team 1 (loser)

»
refleX (
pink | 46 APM | 2570 actions | 56:11)
6 Death Knight
3 Death Coil
2 Unholy Aura
1 Animate Dead
6 Lich
3 Frost Nova
2 Frost Armor
1 Death and Decay
» actions
| Assign group hotkey | 47 | |
| Basic commands | 16 | |
| Build / train | 74 | |
| Enter build submenu | 25 | |
| Enter hero's abilities submenu | 13 | |
| Remove unit from queue | 11 | |
| Right click | 1504 | |
| Select / deselect | 411 | |
| Select group hotkey | 351 | |
| Use ability | 118 | |
2570 total
» units
| Acolyte | 6 | |
| Ghoul | 3 | |
| Crypt Fiend | 11 | |
| Frost Wyrm | 6 | |
| Chimaera | 8 | |
| Hippogryph | -5 | |
29 total
» upgrades
| Creature Attack | 3 | |
| Web | 1 | |
| Burrow | 1 | |
| Creature Carapace | 3 | |
| Freezing Breath | 1 | |
9 total
» buildings
| Crypt | 1 | |
| Graveyard | 1 | |
| Ziggurat | 13 | |
| Altar of Darkness | 1 | |
| Tomb of Relics | 1 | |
| Nerubian Tower | 1 | |
| Halls of the Dead | 1 | |
| Sacrificial Pit | 1 | |
| Black Citadel | 1 | |
| Boneyard | 2 | |
| Slaughterhouse | 1 | |
| Necropolis | 1 | |
| Spirit Tower | 4 | |
| Ancient of War | 2 | |
31 total
» build order
00:21 Crypt
00:30 Graveyard
00:51 Ziggurat
01:03 Altar of Darkness
01:37 Tomb of Relics
01:44 Ziggurat
02:09 Nerubian Tower
04:05 Halls of the Dead
05:29 Ziggurat
07:53 Sacrificial Pit
07:55 Black Citadel
08:21 Ziggurat
10:57 Boneyard
11:08 Ziggurat
17:37 Ziggurat
17:40 Ziggurat
21:09 Slaughterhouse
22:02 Necropolis
23:40 Boneyard
23:48 Ziggurat
23:48 Ziggurat
24:00 Ziggurat
24:04 Ziggurat
24:06 Ziggurat
24:12 Ziggurat
24:51 Spirit Tower
25:24 Spirit Tower
26:28 Spirit Tower
26:55 Spirit Tower
55:09 Ancient of War
55:12 Ancient of War
» items
| Rod of Necromancy | 2 | |
| Scroll of Town Portal | 1 | |
| Orb of Corruption | 1 | |
4 total
CURSE_OF_FEANOR (
purple | 112 APM | 5337 actions | 47:48)
7 Warden
3 Shadow Strike
3 Blink
1 Spirit of Vengeance
» actions
| Assign group hotkey | 20 | |
| Basic commands | 193 | |
| Build / train | 62 | |
| ESC pressed | 2 | |
| Enter build submenu | 24 | |
| Enter hero's abilities submenu | 7 | |
| Give item / drop item | 1 | |
| Right click | 3559 | |
| Select / deselect | 308 | |
| Select group hotkey | 1023 | |
| Use ability | 138 | |
5337 total
» units
» upgrades
| Ultravision | 1 | |
| Strength of the Wild | 3 | |
| Nature's Blessing | 1 | |
| Reinforced Hides | 3 | |
| Well Spring | 1 | |
| Corrosive Breath | 1 | |
10 total
» buildings
| Altar of Elders | 1 | |
| Moon Well | 8 | |
| Hunter's Hall | 1 | |
| Ancient of Wonders | 1 | |
| Ancient Protector | 5 | |
| Tree of Ages | 1 | |
| Tree of Life | 1 | |
| Ancient of Wind | 1 | |
| Tree of Eternity | 3 | |
| Chimaera Roost | 3 | |
25 total
» build order
00:05 Altar of Elders
00:19 Moon Well
01:14 Moon Well
01:46 Hunter's Hall
01:58 Ancient of Wonders
02:49 Ancient Protector
03:04 Ancient Protector
04:33 Tree of Ages
05:11 Moon Well
05:16 Ancient Protector
05:56 Ancient Protector
06:14 Ancient Protector
07:11 Tree of Life
07:50 Ancient of Wind
07:58 Tree of Eternity
07:58 Tree of Eternity
10:23 Chimaera Roost
10:26 Chimaera Roost
12:39 Moon Well
23:07 Moon Well
23:09 Moon Well
27:36 Moon Well
27:39 Moon Well
31:35 Chimaera Roost
» items
| Boots of Speed | 1 | |
| Staff of Teleportation | 1 | |
| Orb of Venom | 1 | |
3 total
Stueckler (
orange | 24 APM | 1550 actions | 64:15)
5 Demon Hunter
3 Mana Burn
2 Evasion
5 Priestess of the Moon
3 Trueshot Aura
2 Searing Arrows
1 Warden
1 Fan of Knives
» actions
| Assign group hotkey | 16 | |
| Build / train | 124 | |
| Enter build submenu | 21 | |
| Enter hero's abilities submenu | 11 | |
| Give item / drop item | 2 | |
| Right click | 809 | |
| Select / deselect | 471 | |
| Select group hotkey | 27 | |
| Use ability | 69 | |
1550 total
» units
| Wisp | 24 | |
| Archer | 15 | |
| Glaive Thrower | 15 | |
| Hippogryph | 33 | |
| Chimaera | 6 | |
93 total
» upgrades
| Hippogryph Taming | 1 | |
| Strength of the Moon | 3 | |
| Improved Bows | 1 | |
| Marksmanship | 1 | |
| Corrosive Breath | 1 | |
| Strength of the Wild | 2 | |
| Vorpal Blades | 2 | |
11 total
» buildings
| Altar of Elders | 1 | |
| Moon Well | 8 | |
| Ancient of War | 2 | |
| Ancient of Wonders | 1 | |
| Hunter's Hall | 1 | |
| Tree of Ages | 1 | |
| Tree of Life | 1 | |
| Tree of Eternity | 1 | |
| Ancient of Wind | 4 | |
| Chimaera Roost | 3 | |
23 total
» build order
00:18 Altar of Elders
00:27 Moon Well
00:58 Ancient of War
01:26 Moon Well
01:40 Ancient of Wonders
02:48 Hunter's Hall
03:27 Tree of Ages
04:10 Moon Well
04:32 Tree of Life
06:39 Tree of Eternity
08:10 Ancient of Wind
08:28 Ancient of Wind
08:47 Moon Well
11:12 Moon Well
11:20 Ancient of War
11:47 Chimaera Roost
11:52 Chimaera Roost
11:55 Chimaera Roost
14:12 Moon Well
16:34 Moon Well
21:15 Moon Well
51:44 Ancient of Wind
51:52 Ancient of Wind
» items
| Orb of Venom | 1 | |
| Scroll of Town Portal | 3 | |
| Potion of Healing | 1 | |
5 total
team 2 (winner)
butter15 (
yellow | 139 APM | 8918 actions | 64:17)
6 Archmage
3 Blizzard
2 Brilliance Aura
1 Mass Teleport
6 Mountain King
3 Storm Bolt
2 Bash
1 Avatar
5 Paladin
3 Holy Light
2 Divine Shield
» actions
| Assign group hotkey | 47 | |
| Basic commands | 17 | |
| Build / train | 212 | |
| Enter build submenu | 78 | |
| Enter hero's abilities submenu | 19 | |
| Give item / drop item | 3 | |
| Remove unit from queue | 4 | |
| Right click | 5164 | |
| Select / deselect | 1116 | |
| Select group hotkey | 1710 | |
| Use ability | 548 | |
8918 total
» units
| Peasant | 33 | |
| Dragonhawk Rider | 24 | |
| Priest | 2 | |
59 total
» upgrades
| Masonry | 3 | |
| Lumber Harvesting | 2 | |
| Swords | 3 | |
| Magic Sentry | 1 | |
| Animal War Training | 1 | |
| Cloud | 1 | |
| Armor | 3 | |
14 total
» buildings
| Altar of Kings | 2 | |
| Farm | 12 | |
| Lumber Mill | 1 | |
| Scout Tower | 129 | |
| Arcane Tower | 7 | |
| Guard Tower | 87 | |
| Arcane Vault | 1 | |
| Town Hall | 3 | |
| Keep | 4 | |
| Gryphon Aviary | 1 | |
| Blacksmith | 1 | |
| Barracks | 1 | |
| Arcane Sanctum | 1 | |
| Castle | 2 | |
252 total
» build order
00:07 Altar of Kings
00:17 Altar of Kings
00:33 Farm
01:08 Lumber Mill
01:11 Farm
01:45 Scout Tower
01:46 Scout Tower
01:52 Scout Tower
01:52 Scout Tower
02:38 Arcane Tower
02:38 Guard Tower
02:41 Scout Tower
02:51 Guard Tower
02:52 Scout Tower
02:53 Scout Tower
03:09 Arcane Vault
03:14 Guard Tower
03:37 Guard Tower
03:38 Scout Tower
03:39 Scout Tower
03:50 Guard Tower
04:48 Town Hall
04:50 Scout Tower
04:50 Scout Tower
04:51 Scout Tower
04:51 Scout Tower
04:52 Scout Tower
04:52 Scout Tower
04:54 Scout Tower
04:54 Scout Tower
04:55 Scout Tower
05:05 Guard Tower
05:07 Scout Tower
05:08 Scout Tower
05:53 Guard Tower
06:05 Scout Tower
06:06 Scout Tower
06:06 Scout Tower
06:07 Scout Tower
06:07 Scout Tower
06:07 Scout Tower
06:08 Scout Tower
06:33 Guard Tower
06:38 Guard Tower
06:44 Guard Tower
06:44 Guard Tower
06:45 Guard Tower
06:49 Guard Tower
06:49 Guard Tower
06:50 Guard Tower
06:50 Guard Tower
06:53 Guard Tower
06:53 Guard Tower
06:54 Scout Tower
07:06 Scout Tower
07:07 Scout Tower
07:08 Scout Tower
07:12 Guard Tower
07:12 Guard Tower
07:12 Guard Tower
07:19 Guard Tower
07:24 Guard Tower
08:08 Scout Tower
08:08 Scout Tower
08:09 Scout Tower
08:10 Scout Tower
08:21 Guard Tower
09:29 Guard Tower
09:30 Guard Tower
09:34 Scout Tower
09:35 Scout Tower
09:35 Scout Tower
09:36 Scout Tower
10:07 Town Hall
10:21 Guard Tower
10:26 Guard Tower
10:27 Guard Tower
10:59 Keep
10:59 Keep
11:16 Guard Tower
11:30 Farm
11:31 Farm
11:32 Farm
11:32 Farm
11:35 Farm
11:35 Farm
11:35 Farm
11:54 Guard Tower
11:54 Guard Tower
12:58 Scout Tower
12:59 Scout Tower
13:00 Scout Tower
13:35 Scout Tower
13:36 Scout Tower
13:36 Scout Tower
13:37 Scout Tower
13:38 Scout Tower
13:47 Gryphon Aviary
13:51 Blacksmith
13:53 Barracks
14:00 Arcane Sanctum
14:08 Guard Tower
14:38 Guard Tower
14:59 Guard Tower
15:03 Castle
15:03 Castle
15:09 Guard Tower
15:09 Guard Tower
15:51 Guard Tower
15:52 Guard Tower
15:57 Guard Tower
15:58 Guard Tower
15:58 Guard Tower
16:28 Scout Tower
16:29 Scout Tower
16:30 Scout Tower
16:30 Scout Tower
17:05 Guard Tower
17:56 Guard Tower
17:57 Guard Tower
18:12 Guard Tower
18:52 Guard Tower
19:16 Scout Tower
19:17 Scout Tower
19:17 Scout Tower
20:06 Scout Tower
20:51 Scout Tower
20:52 Scout Tower
20:53 Scout Tower
20:58 Scout Tower
20:59 Scout Tower
21:25 Guard Tower
21:58 Guard Tower
22:19 Scout Tower
22:20 Scout Tower
22:21 Scout Tower
22:22 Scout Tower
22:22 Scout Tower
22:23 Scout Tower
22:23 Scout Tower
23:23 Guard Tower
23:25 Scout Tower
23:27 Scout Tower
23:27 Scout Tower
23:27 Scout Tower
23:52 Scout Tower
23:53 Scout Tower
24:13 Guard Tower
24:37 Guard Tower
25:17 Guard Tower
25:55 Farm
27:10 Farm
27:11 Farm
30:26 Scout Tower
30:26 Scout Tower
30:27 Scout Tower
30:27 Scout Tower
30:28 Scout Tower
30:28 Scout Tower
30:29 Scout Tower
30:29 Scout Tower
30:30 Scout Tower
30:31 Scout Tower
30:32 Scout Tower
30:32 Scout Tower
30:32 Scout Tower
30:33 Scout Tower
30:33 Scout Tower
30:34 Scout Tower
30:34 Scout Tower
30:36 Scout Tower
30:36 Scout Tower
30:37 Scout Tower
30:37 Scout Tower
31:26 Guard Tower
31:37 Guard Tower
31:49 Guard Tower
31:50 Guard Tower
31:59 Guard Tower
32:01 Guard Tower
32:02 Guard Tower
32:32 Guard Tower
34:15 Scout Tower
34:15 Scout Tower
34:16 Scout Tower
34:17 Scout Tower
34:17 Scout Tower
34:18 Scout Tower
34:19 Scout Tower
34:20 Scout Tower
34:46 Guard Tower
34:53 Guard Tower
34:53 Guard Tower
34:53 Guard Tower
34:53 Guard Tower
35:10 Guard Tower
35:11 Guard Tower
35:19 Guard Tower
36:35 Guard Tower
36:56 Town Hall
44:34 Scout Tower
44:34 Scout Tower
44:35 Scout Tower
44:35 Scout Tower
44:36 Scout Tower
44:36 Scout Tower
44:37 Scout Tower
44:38 Scout Tower
44:38 Scout Tower
44:39 Scout Tower
45:15 Guard Tower
45:44 Guard Tower
45:46 Scout Tower
45:46 Scout Tower
45:47 Scout Tower
45:47 Scout Tower
45:48 Scout Tower
46:12 Guard Tower
46:13 Guard Tower
46:14 Arcane Tower
46:44 Guard Tower
52:17 Scout Tower
52:19 Scout Tower
52:20 Scout Tower
52:20 Scout Tower
53:12 Arcane Tower
53:14 Arcane Tower
53:28 Scout Tower
53:29 Scout Tower
53:30 Scout Tower
53:30 Scout Tower
53:31 Scout Tower
53:32 Scout Tower
53:33 Scout Tower
53:42 Arcane Tower
54:01 Guard Tower
54:59 Guard Tower
55:46 Guard Tower
57:34 Guard Tower
58:00 Guard Tower
59:33 Arcane Tower
59:41 Arcane Tower
» items
| Scroll of Regeneration | 4 | |
| Lesser Clarity Potion | 1 | |
| Boots of Speed | 1 | |
| Staff of Teleportation | 1 | |
| Staff of Sanctuary | 2 | |
| Potion of Healing | 1 | |
10 total
nostalgiac (
green | 100 APM | 6458 actions | 64:16)
8 Archmage
3 Blizzard
3 Brilliance Aura
1 Mass Teleport
1 Summon Water Elemental
» actions
| Assign group hotkey | 373 | |
| Basic commands | 59 | |
| Build / train | 234 | |
| ESC pressed | 7 | |
| Enter build submenu | 113 | |
| Enter hero's abilities submenu | 8 | |
| Give item / drop item | 1 | |
| Right click | 3400 | |
| Select / deselect | 1286 | |
| Select group hotkey | 630 | |
| Use ability | 347 | |
6458 total
» units
| Peasant | 38 | |
| Footman | 3 | |
| Dragonhawk Rider | 35 | |
| Gryphon Rider | 1 | |
77 total
» upgrades
| Masonry | 3 | |
| Lumber Harvesting | 2 | |
| Magic Sentry | 1 | |
| Animal War Training | 1 | |
| Armor | 3 | |
| Storm Hammers | 1 | |
| Cloud | 1 | |
12 total
» buildings
| Altar of Kings | 2 | |
| Barracks | 1 | |
| Farm | 17 | |
| Lumber Mill | 3 | |
| Arcane Vault | 3 | |
| Town Hall | 7 | |
| Scout Tower | 75 | |
| Guard Tower | 97 | |
| Keep | 2 | |
| Arcane Sanctum | 1 | |
| Gryphon Aviary | 5 | |
| Castle | 3 | |
| Blacksmith | 1 | |
217 total
» build order
00:07 Altar of Kings
00:24 Barracks
00:34 Farm
01:31 Farm
01:54 Lumber Mill
02:23 Arcane Vault
03:18 Farm
04:00 Town Hall
04:04 Scout Tower
04:04 Scout Tower
04:05 Scout Tower
04:06 Scout Tower
04:23 Farm
04:36 Guard Tower
04:37 Guard Tower
04:37 Guard Tower
05:36 Guard Tower
05:37 Guard Tower
06:08 Scout Tower
06:35 Scout Tower
06:35 Scout Tower
06:41 Scout Tower
06:42 Scout Tower
06:55 Town Hall
07:05 Guard Tower
07:05 Guard Tower
07:05 Scout Tower
07:36 Guard Tower
07:37 Guard Tower
07:37 Guard Tower
07:37 Guard Tower
07:39 Scout Tower
08:06 Scout Tower
08:06 Scout Tower
08:12 Guard Tower
08:12 Guard Tower
08:13 Scout Tower
08:14 Scout Tower
09:02 Guard Tower
09:02 Guard Tower
09:31 Guard Tower
09:36 Keep
09:41 Scout Tower
09:42 Scout Tower
09:48 Scout Tower
09:49 Scout Tower
09:49 Scout Tower
09:50 Scout Tower
10:10 Guard Tower
10:11 Guard Tower
10:11 Guard Tower
10:32 Guard Tower
10:33 Guard Tower
10:37 Guard Tower
10:47 Guard Tower
10:47 Guard Tower
10:47 Guard Tower
10:49 Scout Tower
10:50 Scout Tower
10:51 Scout Tower
11:10 Scout Tower
11:11 Scout Tower
11:12 Scout Tower
11:15 Scout Tower
11:18 Scout Tower
11:18 Scout Tower
11:19 Scout Tower
11:20 Scout Tower
11:21 Scout Tower
11:31 Guard Tower
11:31 Guard Tower
11:39 Guard Tower
11:39 Guard Tower
11:42 Guard Tower
11:56 Guard Tower
11:57 Guard Tower
12:02 Guard Tower
12:04 Scout Tower
12:05 Scout Tower
12:05 Guard Tower
12:06 Guard Tower
12:06 Guard Tower
12:07 Guard Tower
12:07 Guard Tower
12:24 Arcane Sanctum
12:26 Gryphon Aviary
12:28 Gryphon Aviary
12:31 Castle
12:32 Castle
12:51 Guard Tower
12:52 Scout Tower
12:53 Scout Tower
12:57 Guard Tower
12:57 Guard Tower
12:57 Guard Tower
13:27 Guard Tower
14:03 Blacksmith
15:16 Scout Tower
15:17 Scout Tower
15:18 Scout Tower
15:58 Guard Tower
15:58 Guard Tower
15:59 Guard Tower
16:09 Guard Tower
16:09 Guard Tower
16:10 Scout Tower
16:11 Scout Tower
16:12 Scout Tower
16:40 Guard Tower
16:41 Guard Tower
16:41 Guard Tower
16:42 Scout Tower
16:43 Scout Tower
16:55 Guard Tower
16:56 Guard Tower
16:56 Guard Tower
17:00 Town Hall
17:11 Guard Tower
17:11 Guard Tower
17:15 Guard Tower
17:16 Guard Tower
17:22 Guard Tower
17:23 Scout Tower
17:24 Scout Tower
17:28 Scout Tower
17:29 Scout Tower
17:30 Scout Tower
17:30 Scout Tower
17:32 Scout Tower
17:32 Scout Tower
18:14 Guard Tower
18:15 Guard Tower
19:01 Scout Tower
19:05 Guard Tower
19:05 Guard Tower
21:03 Scout Tower
21:03 Scout Tower
21:05 Scout Tower
21:06 Scout Tower
21:06 Scout Tower
21:35 Guard Tower
21:35 Guard Tower
21:35 Guard Tower
23:15 Town Hall
24:45 Scout Tower
24:46 Scout Tower
24:47 Scout Tower
25:09 Scout Tower
25:10 Scout Tower
25:11 Scout Tower
25:11 Scout Tower
25:11 Scout Tower
26:16 Guard Tower
26:16 Guard Tower
26:25 Scout Tower
26:26 Scout Tower
26:34 Guard Tower
26:35 Guard Tower
27:00 Guard Tower
27:00 Guard Tower
27:43 Arcane Vault
28:41 Gryphon Aviary
28:41 Gryphon Aviary
28:55 Gryphon Aviary
29:16 Altar of Kings
29:50 Town Hall
30:09 Scout Tower
30:10 Scout Tower
30:11 Scout Tower
30:12 Scout Tower
30:12 Scout Tower
30:30 Farm
30:38 Guard Tower
30:51 Guard Tower
30:51 Guard Tower
31:31 Lumber Mill
33:02 Guard Tower
33:03 Guard Tower
37:43 Town Hall
41:19 Arcane Vault
41:24 Farm
41:25 Farm
41:27 Farm
41:27 Farm
41:28 Farm
41:29 Farm
47:38 Farm
47:38 Farm
47:39 Farm
47:40 Farm
48:03 Farm
48:08 Farm
51:11 Town Hall
52:24 Keep
55:14 Castle
55:18 Lumber Mill
» items
| Scroll of Regeneration | 11 | |
| Potion of Healing | 3 | |
| Scroll of Town Portal | 4 | |
| Staff of Teleportation | 1 | |
| Staff of Sanctuary | 1 | |
20 total
Uther3 (
blue | 45 APM | 769 actions | 16:57)
3 Paladin
1 Devotion Aura
1 Holy Light
1 Divine Shield
» actions
| Assign group hotkey | 21 | |
| Build / train | 68 | |
| Enter build submenu | 23 | |
| Enter hero's abilities submenu | 3 | |
| Remove unit from queue | 4 | |
| Right click | 381 | |
| Select / deselect | 196 | |
| Select group hotkey | 32 | |
| Use ability | 41 | |
769 total
» units
| Peasant | 10 | |
| Footman | 15 | |
| Gryphon Rider | 7 | |
| Knight | 6 | |
38 total
» upgrades
| Defend | 1 | |
| Lumber Harvesting | 2 | |
| Masonry | 1 | |
4 total
» buildings
| Altar of Kings | 1 | |
| Barracks | 2 | |
| Farm | 10 | |
| Lumber Mill | 1 | |
| Town Hall | 1 | |
| Keep | 2 | |
| Blacksmith | 1 | |
| Arcane Vault | 1 | |
| Castle | 3 | |
| Gryphon Aviary | 2 | |
| Scout Tower | 3 | |
| Guard Tower | 7 | |
34 total
» build order
00:07 Altar of Kings
00:08 Barracks
00:10 Farm
01:19 Farm
01:42 Lumber Mill
02:00 Farm
02:39 Farm
03:16 Farm
03:59 Farm
04:45 Town Hall
05:23 Keep
05:24 Keep
07:09 Blacksmith
07:13 Arcane Vault
08:13 Castle
08:14 Castle
08:14 Castle
08:19 Gryphon Aviary
09:46 Gryphon Aviary
09:53 Barracks
10:33 Farm
11:13 Farm
11:47 Scout Tower
11:57 Farm
12:19 Scout Tower
12:23 Guard Tower
12:24 Guard Tower
12:57 Scout Tower
12:58 Guard Tower
12:58 Guard Tower
13:01 Farm
13:36 Guard Tower
13:36 Guard Tower
» items
Chat log
(00:13 / Allies) Uther3: hi
(00:50 / Allies) Uther3: rush?
(00:57 / Allies) butter15: yes
(00:58 / Allies) butter15: top
(08:59 / Allies) butter15: come here blue
(09:13 / Allies) Uther3: im go
(13:16 / All) butter15: good orange
(13:25 / All) butter15: your hero
(23:47 / All) CURSE_OF_FEANOR: i cant there are lot of jews in europe
(23:49 / All) CURSE_OF_FEANOR: want my gold
(23:50 / All) CURSE_OF_FEANOR: oops
(26:37 / All) CURSE_OF_FEANOR: what will u give me
(26:50 / All) CURSE_OF_FEANOR: i want everything
(31:06 / All) CURSE_OF_FEANOR: o my bad
(31:09 / All) CURSE_OF_FEANOR: thought u were pred
(31:47 / All) butter15: u guys gonna lose????
(35:44 / All) CURSE_OF_FEANOR: fourth reich
(35:55 / All) butter15: orange
(35:59 / All) butter15: meet in mid
(39:48 / Allies) butter15: lol
(41:55 / All) butter15: quit
(41:56 / All) butter15: leave
(42:28 / All) butter15: lol
(47:38 / All) butter15: owned
(56:18 / All) butter15: owned mother fuck
(56:23 / All) butter15: highper.ch
(57:34 / All) nostalgiac: gg why did u give up??
(57:44 / All) butter15: usa, #1
(62:28 / All) butter15: lol
(62:29 / All) butter15: blink
(62:31 / All) butter15: why no blink